 Dungeon Crawl Stone Soup version 0.31-a0-1019-g3dd9dd1025 (webtiles) character file.

Game seed: 5684814333051127387

737 Azuregosa the Covert (level 7, -2/46 HPs)
             Began as an Octopode Delver on Nov 17, 2023.
             Slain by a gnoll sergeant
             ... wielding a +0 vampiric trident
              (7 damage)
             ... on level 5 of the Dungeon.
             The game lasted 00:12:31 (4259 turns).

Azuregosa the Covert (Octopode Delver)              Turns: 4259, Time: 00:12:32

Health: -2/46      AC:  8    Str: 11    XL:     7   Next: 74%
Magic:  11/11      EV: 13    Int: 15    God:
Gold:   147        SH:  0    Dex: 13    Spells: 7/12 levels left

rFire   . . .        z - +1 dire flail (protect)
rCold   . . .        (shield currently unavailable)
rNeg    . . .        (helmet restricted)
rPois   .            (no amulet)
rElec   .            (no ring)
rCorr   .            (no ring)
SInv    .            (no ring)
Will    .....        (no ring)
Stlth   +++++        (no ring)
HPRegen 0.27/turn    (no ring)
MPRegen 0.12/turn    (no ring)
                     (no ring)

%: no passive effects
@: under a protective aura
A: almost no armour, amphibious, 8 rings, camouflage 1, gelatinous body 1,
(nimble swimmer 1), tentacles
a: no special abilities


You were on level 5 of the Dungeon.
You visited 1 branch of the dungeon, and saw 5 of its levels.

You collected 212 gold pieces.
You spent 65 gold pieces at shops.

Inventory:

Hand Weapons
 a - a +0 hand axe
 p - a +1 short sword of draining
 q - a +2 whip of draining
 z - a +1 dire flail of protection (weapon)
 A - a +2 short sword of venom
Missiles
 c - 72 stones
 n - 6 javelins
 w - 12 poisoned darts
Armour
 v - an orb of light
Jewellery
 y - an amulet of faith
Wands
 f - a wand of digging (3)
Scrolls
 b - 2 scrolls of fog
 d - 3 scrolls of fear
 g - 7 scrolls of identify {unknown}
 h - 2 scrolls of teleportation {unknown}
 k - a scroll of poison {unknown}
 l - a scroll of immolation {unknown}
 s - a scroll of enchant weapon {unknown}
 u - 2 scrolls of brand weapon {unknown}
Potions
 e - a potion of haste
 i - 2 potions of mutation {unknown}
 j - a potion of ambrosia {unknown}
 m - a potion of resistance {unknown}
 o - a potion of brilliance {unknown}
 r - a potion of might {unknown}
 t - 2 potions of curing {unknown}
 x - a potion of magic {unknown}
 B - a potion of heal wounds


   Skills:
 - Level 3.0 Fighting
 - Level 2.0 Axes
 - Level 2.0 Dodging
 - Level 10.1 Stealth
 + Level 3.1 Spellcasting
 + Level 3.3 Conjurations
 + Level 3.3 Fire Magic


You had 7 spell levels left.
You knew the following spells:

 Your Spells              Type           Power      Damage    Failure   Level
a - Foxfire               Conj/Fire      48%        2x1d6     4%          1
b - Flame Wave            Conj/Fire      12%        2d6       45%         4

Your spell library contained the following spells:

 Spells                   Type           Power      Damage    Failure   Level
 Scorch                   Fire           24%        2d6       8%          2
 Ozocubu's Armour         Ice            2%         N/A       52%         3
 Metabolic Englaciation   Hex/Ice        1%         N/A       99%         5
 Plasma Beam              Fire/Air       3%         2x1d13    100%        6
 Simulacrum               Ice/Necr       1%         N/A       100%        6
 Starburst                Conj/Fire      6%         6d4       100%        6
 Summon Cactus Giant      Summ           1%         N/A       100%        6


Dungeon Overview and Level Annotations

Branches:
Dungeon (5/15)
 Temple: D:4-7

Altars:
Ashenzari

Shops:
D:4 [   D:5 !


Innate Abilities, Weirdness & Mutations

You cannot wear most types of armour.
You are amphibious.
You can wear up to eight rings at the same time.
Your skin changes colour to match your surroundings (Stealth+).
Your rubbery body absorbs attacks. (AC +1, EV +1)
((You are camouflaged when in or above water. (Stealth+)))
You have tentacles for arms and can constrict up to eight enemies at once.


Message History

You are no longer poisoned.
The gnoll hits you but does no damage. The gnoll sergeant barely misses you.
You puncture the gnoll!
You kill the gnoll!
The gnoll sergeant completely misses you.
You puncture the gnoll! Your grab misses the gnoll.
Your squeeze misses the gnoll.
The gnoll is heavily wounded.
The gnoll hits you but does no damage.
The gnoll sergeant hits you from afar with a +0 vampiric trident.
You barely miss the gnoll. Your grab misses the gnoll.
Your squeeze misses the gnoll.
The gnoll is heavily wounded.
The gnoll barely misses you. The gnoll sergeant misses you.
You barely miss the gnoll. Your grab misses the gnoll.
The gnoll is heavily wounded.
The gnoll hits you with a +0 flail.
The gnoll sergeant completely misses you.
The gnoll completely misses you.
The gnoll sergeant hits you from afar with a +0 vampiric trident.
You thump the gnoll!
You kill the gnoll!
The gnoll sergeant closely misses you.
The gnoll sergeant hits you with a +0 vampiric trident!
* * * LOW HITPOINT WARNING * * *
You sock the gnoll sergeant! Your grab misses the gnoll sergeant.
The gnoll sergeant is moderately wounded.
The gnoll sergeant hits you with a +0 vampiric trident.
* * * LOW HITPOINT WARNING * * *
The gnoll sergeant draws strength from your wounds!
You hit the gnoll sergeant but do no damage.
Your grab misses the gnoll sergeant. Your squeeze misses the gnoll sergeant.
The gnoll sergeant is moderately wounded.
The gnoll sergeant hits you but does no damage.
You closely miss the gnoll sergeant. You grab the gnoll sergeant.
You squeeze the gnoll sergeant.
The gnoll sergeant is moderately wounded.
You constrict the gnoll sergeant, but do no damage.
The gnoll sergeant hits you with a +0 vampiric trident!
You die...

*,,,* *,,*,,,,,,,,* **,
#...# *,..,**,,,,,* *,,
#...# *,.######******,,
#...# *,.......,,,**,,,
#...# *,.......,,,**,,,
#...# *,.......,,,**,,,
#...# *>.......,,,**,,*
##...######.......,,,*,,,*
#........@g.......,,,*,,,*
#....#######......,,,*,,**
#.#### ***,.....,,,**,**
#.# *,,,,....,,,**,,, #.#
*,,,,*###*****,,, #.#
*,,,,* *,,, #.# *,,,,*
*,,, #.# *,,,,* **** #.#
*,,,,*


You could see a gnoll sergeant.

Vanquished Creatures
  Edmund (D:5)
  A water moccasin (D:5)
  A scorpion (D:4)
  A hound (D:4)
  3 orc priests
  A sleepcap (D:5)
  4 orc wizards
  6 adders
  3 gnolls (D:5)
  2 worms
  2 dart slugs
  19 orcs
  8 bats
  5 endoplasms
  17 giant cockroaches
  4 goblins
  6 hobgoblins
  3 jackals (D:2)
  2 quokkas
  8 ball pythons
  A frilled lizard (D:1)
  6 kobolds
  3 rats
107 creatures vanquished.

Notes
Turn   | Place    | Note
-------+----------+-------------------------------------------
     0 | D:5      | Azuregosa the Octopode Delver began the quest for the Orb.
     0 | D:5      | Reached XP level 1. HP: 16/16 MP: 1/1
     0 | D:5      | Noticed Edmund
   127 | D:2      | Reached skill level 7 in Stealth
   255 | D:2      | Reached XP level 2. HP: 19/21 MP: 2/2
   267 | D:2      | Reached XP level 3. HP: 16/26 MP: 3/3
   398 | D:1      | Reached skill level 8 in Stealth
  1290 | D:2      | Reached XP level 4. HP: 24/31 MP: 4/4
  2314 | D:3      | Found a broken altar of Ashenzari.
  2352 | D:3      | Reached skill level 9 in Stealth
  2614 | D:3      | Reached XP level 5. HP: 19/36 MP: 5/5
  2627 | D:3      | Reached skill level 10 in Stealth
  2724 | D:3      | Learned a level 1 spell: Foxfire
  3051 | D:4      | Reached skill level 1 in Spellcasting
  3051 | D:4      | Reached skill level 1 in Conjurations
  3051 | D:4      | Reached skill level 1 in Fire Magic
  3051 | D:4      | Reached XP level 6. HP: 12/42 MP: 5/7
  3181 | D:4      | Found Mesmef's Antique Armour Shop.
  3899 | D:5      | Killed Edmund
  3900 | D:5      | Reached XP level 7. HP: 19/46 MP: 8/10
  4115 | D:5      | Found Qazuchie's Distillery.
  4143 | D:5      | Learned a level 4 spell: Flame Wave
  4156 | D:5      | Bought a potion of heal wounds for 65 gold pieces
  4259 | D:5      | Slain by a gnoll sergeant

Illustrated notes

Levels and vault maps discovered:
D:1:      psy_arrival_statuary, layout_basic, serial_rivers,
          chequers_serial_rivers_room_b, chequers_serial_rivers_micro_d,
          chequers_serial_rivers_micro_d, chequers_serial_rivers_large_a,
          chequers_serial_rivers_micro_e
D:2:      layout_basic
D:3:      minmay_roachtagon, layout_basic, cheibrodos_ashenzari_chains,
          minmay_misc_feat_room, grunt_decor_mini_mirrors,
          minmay_stone_trees_small
D:4:      wad_pebble_path, layout_basic, serial_shops, shop, minmay_pentangle
D:5:      layout_basic, serial_curves, eino_curves_01, eino_curves_04,
          minmay_shop_grid_forest, uniq_edmund

Skill      XL: |  1  2  3  4  5  6  7 |
---------------+----------------------+-----
Stealth        | 7 8 9 10 | 10.1
Spellcasting   | 1 2 3 |  3.1
Conjurations   | 1 2 3 |  3.3
Fire Magic     | 1 2 3 |  3.3
Fighting       | |  3.0
Axes           | |  2.0
Dodging        | |  2.0

Action                     |  1- 3 |  4- 6 |  7- 9 || total
---------------------------+-------+-------+-------++-------
  Melee: Hand axe          |    50 |       |       ||    50
         Tentacles         |    13 |    36 |    10 ||    59
         Constrict         |    10 |    27 |    11 ||    48
         Punch             |     1 |     1 |       ||     2
         Short sword       |     7 |       |       ||     7
         Whip              |     2 |   125 |       ||   127
         Dire flail        |       |       |    38 ||    38
   Cast: Foxfire           |       |       |     1 ||     1
    Use: Scroll            |     1 |       |       ||     1
   Stab: Sleeping          |    14 |    12 |     2 ||    28
 Armour: Skin              |    20 |    44 |    27 ||    91
  Dodge: Dodged            |    23 |    60 |    36 ||   119

Table legend: (Time is in decaauts)
 A = Elapsed time spent in this place.
 B = Non-inter-level travel time spent in this place.
 C = Inter-level travel time spent in this place.
 D = Time resting spent in this place.
 E = Time spent auto-exploring this place.
 F = Levels seen in this place.
 G = Mean time per level.
                   A        B        C        D        E       F      G
               +--------+--------+--------+--------+--------+-----+--------+
         Total |   4281 |   4192 |     89 |    717 |   2465 |   5 |  856.2 |
       Dungeon |   4281 |   4192 |     89 |    717 |   2465 |   5 |  856.2 |
               +--------+--------+--------+--------+--------+-----+--------+

Top non-repeatable levels by time:
     D:4: 1076 daAuts
     D:3: 1019 daAuts
     D:1: 940 daAuts
     D:2: 854 daAuts
     D:5: 391 daAuts
